Map: Jagannatha LE

Players

Neeb - Winner!

  • Race: Protoss Protoss

Nina

  • Race: Protoss Protoss

Event: DreamHack SC2 Masters 2021 Winter

VOD

Have the link to the VOD?

Description

Time

  • Played on: Oct. 16, 2021, 3:28 p.m.
  • Length: 8:30

All games in this series

Show
View Real Time Build Order
Export as new Build Order

Neeb Protoss - Winner!

Build Orders: Phoenix Opening, Blink Stalkers, Zealot Archon 

Get SALT Encoding   

  12  0:00  Probe  
  13  0:12  Probe  
  14  0:17  Pylon  
  14  0:25  Probe (Chrono Boost)  
  15  0:36  Gateway  
  15  0:38  Probe (Chrono Boost)  
  16  0:44  Probe (Chrono Boost)  
  16  0:46  Assimilator  
  17  0:52  Probe  
  18  0:57  Assimilator  
  18  1:04  Probe (Chrono Boost)  
  18  1:09  Gateway  
  19  1:14  Probe (Chrono Boost)  
  20  1:19  Probe (Chrono Boost)  
  21  1:26  Cybernetics Core  
  21  1:31  Probe  
  22  1:39  Pylon  
  22  1:43  Probe  
  23  1:57  Probe  
  23  2:00  Warp Gate (Chrono Boost)  
  24  2:03  Sentry  
  26  2:19  Nexus  
  26  2:23  Sentry  
  26  2:29  Pylon  
  28  2:32  Probe  
  28  2:36  Phoenix  
  29  2:40  Stalker  
  30  2:44  Probe  
  30  2:49  Shield Battery  
  31  2:53  Sentry  
  31  2:56  Probe  
  34  3:06  Twilight Council  
  34  3:08  Probe  
  35  3:16  Phoenix  
  35  3:20  Probe (Chrono Boost)  
  35  3:21  Pylon  
  36  3:31  Probe (Chrono Boost)  
  38  3:34  Probe (Chrono Boost)  
  38  3:38  Blink (Chrono Boost)  
  38  3:40  Probe (Chrono Boost)  
  40  3:41  Probe (Chrono Boost)  
  40  3:47  Probe  
  41  3:48  Forge  
  41  3:49  Probe  
  42  3:59  Probe  
  42  4:02  Probe  
  44  4:04  Stalker  
  46  4:11  Stalker, Probe  
  46  4:14  Probe  
  50  4:18  Protoss Ground Weapons Level 1 (Chrono Boost)  
  50  4:23  Probe  
  51  4:26  Probe  
  51  4:28  Stalker  
  54  4:35  Probe  
  55  4:38  Nexus  
  55  4:42  Pylon  
  55  4:43  Probe  
  56  4:49  Assimilator, Probe  
  56  4:52  Stalker  
  59  4:55  Probe  
  59  4:58  Stalker  
  62  5:01  Shield Battery  
  62  5:02  Probe  
  63  5:07  Probe  
  64  5:14  Probe  
  64  5:16  Pylon  
  64  5:19  Robotics Facility, Stalker  
  64  5:20  Probe  
  68  5:26  Probe  
  69  5:31  Pylon  
  69  5:32  Probe  
  70  5:35  Stalker  
  70  5:38  Probe  
  70  5:42  Phoenix  
  73  5:44  Stalker, Probe  
  74  5:50  Probe  
  74  5:52  Probe  
  74  5:55  Gateway  
  74  5:56  Gateway  
  74  5:57  Probe  
  77  6:01  Charge (Chrono Boost)  
  77  6:03  Probe  
  78  6:04  Gateway  
  78  6:06  Observer (Chrono Boost)  
  78  6:07  Gateway  
  79  6:14  Gateway  
  79  6:16  Gateway  
  79  6:20  Gateway  
  79  6:23  Gateway  
  79  6:25  Warp Prism (Chrono Boost), Gateway  
  81  6:33  Templar Archives  
  81  6:36  Probe  
  82  6:43  Zealot  
  82  6:44  Zealot  
  86  6:49  Probe x3, Pylon  
  86  6:52  Zealot  
  86  6:53  Zealot  
  93  6:56  Pylon  
  93  6:58  Pylon  
  93  7:05  Assimilator  
  93  7:07  Zealot x4, Pylon  
  101  7:15  High Templar x2  
  101  7:16  Zealot x2  
  101  7:19  High Templar x2  
  101  7:20  Archon  
  113  7:23  Zealot, Archon, Pylon  
  113  7:24  Pylon  
  115  7:40  Zealot x6  
  123  7:50  Zealot x3  
  125  7:52  Zealot x2  
  125  8:08  Zealot x6  
  125  8:12  Zealot x3  
  127  8:15  Zealot  
  127  8:16  Zealot  
Show
View Real Time Build Order
Export as new Build Order

Nina Protoss 

Build Orders: Zealot Archon 

Get SALT Encoding   

  12  0:00  Probe  
  13  0:12  Probe  
  14  0:17  Pylon  
  14  0:24  Probe (Chrono Boost)  
  15  0:36  Probe (Chrono Boost)  
  15  0:38  Gateway  
  16  0:45  Probe (Chrono Boost)  
  16  0:48  Assimilator  
  17  0:51  Probe  
  18  0:57  Assimilator  
  18  1:03  Probe (Chrono Boost)  
  19  1:08  Gateway  
  19  1:13  Probe (Chrono Boost)  
  19  1:18  Probe (Chrono Boost)  
  21  1:26  Cybernetics Core  
  21  1:29  Probe  
  22  1:38  Pylon  
  22  1:41  Probe  
  23  1:56  Probe  
  24  2:03  Stalker x2  
  24  2:04  Warp Gate  
  28  2:10  Probe  
  28  2:12  Pylon  
  29  2:21  Shield Battery  
  29  2:22  Probe  
  30  2:34  Probe  
  35  2:37  Sentry x2  
  35  2:45  Pylon  
  36  2:56  Nexus  
  35  2:59  Probe  
  36  3:09  Stalker  
  36  3:11  Probe  
  41  3:13  Sentry  
  41  3:17  Shield Battery  
  41  3:23  Probe  
  42  3:36  Probe  
  42  3:41  Twilight Council  
  43  3:44  Forge  
  43  3:48  Probe (Chrono Boost)  
  44  3:54  Stalker  
  46  3:57  Probe (Chrono Boost)  
  46  4:02  Phoenix  
  47  4:08  Probe (Chrono Boost), Pylon  
  47  4:09  Probe (Chrono Boost)  
  50  4:18  Blink (Chrono Boost)  
  50  4:19  Probe x2 (Chrono Boost)  
  50  4:21  Protoss Ground Weapons Level 1  
  50  4:23  Probe (Chrono Boost)  
  51  4:24  Probe (Chrono Boost)  
  53  4:32  Assimilator  
  53  4:35  Probe  
  53  4:36  Probe  
  55  4:47  Probe  
  55  4:48  Probe  
  55  4:50  Phoenix  
  57  4:55  Stalker, Nexus  
  57  4:59  Probe  
  60  5:01  Pylon  
  60  5:02  Stalker  
  60  5:04  Probe  
  63  5:11  Probe  
  64  5:14  Robotics Facility  
  64  5:18  Gateway  
  64  5:20  Gateway  
  64  5:24  Stalker  
  64  5:26  Probe  
  64  5:27  Probe  
  68  5:34  Stalker  
  67  5:38  Probe  
  67  5:41  Probe  
  69  5:48  Stalker  
  71  5:50  Probe  
  71  5:53  Probe  
  71  5:55  Phoenix  
  73  6:02  Observer (Chrono Boost)  
  73  6:03  Gateway, Probe  
  73  6:04  Zealot  
  77  6:05  Probe  
  77  6:11  Gateway, Probe  
  79  6:14  Gateway  
  79  6:15  Probe  
  79  6:17  Charge  
  79  6:18  Gateway  
  80  6:19  Probe  
  80  6:23  Immortal (Chrono Boost), Phoenix  
  81  6:28  Probe  
  81  6:29  Probe  
  81  6:31  Probe  
  88  6:41  Probe x2, Pylon  
  88  6:44  Probe  
  88  6:46  Zealot  
  93  6:47  Pylon  
  93  6:52  Pylon  
  93  6:56  Photon Cannon, Shield Battery  
  93  6:58  Immortal (Chrono Boost)  
  97  7:03  Probe  
  97  7:04  Probe  
  99  7:13  Templar Archives  
  99  7:14  Zealot  
  99  7:15  Zealot x2  
  104  7:20  Zealot, Assimilator x2  
  104  7:22  Zealot  
  108  7:25  Zealot  
  108  7:27  Zealot  
  112  7:33  Zealot  
  114  7:37  Pylon  
  114  7:38  Pylon x2  
  110  7:48  Zealot x3  
  108  7:54  High Templar  
  108  7:55  High Templar  
  108  7:57  Zealot  
  112  7:59  Archon  
  112  8:01  Zealot x2  
  116  8:09  Zealot x3  
  101  8:15  Probe  
  101  8:18  Zealot  
  85  8:22  Zealot x2  

Tags
 
Add a new tag
Caveats
  • Supply blocks, unpowered buildings, or Contaminate may cause inaccurate times.
  • Supply counts are checked every 10 seconds.